 Dungeon Crawl Stone Soup version 0.27-a0-1281-ge233d83751 (webtiles) character file.

Game seed: 10532678094435090370

46 avis the Chopper (level 3, 0/32 (34) HPs)
             Began as a Hill Orc Monk on June 13, 2021.
             Slain by a goblin (2 damage)
             ... led by Robin
             ... on level 1 of the Dungeon.
             The game lasted 00:04:49 (1607 turns).

avis the Chopper (Hill Orc Monk)                    Turns: 1607, Time: 00:04:49

HP:   0/32 (34)     AC:  2    Str: 14    XL:     3   Next: 66%
MP:   3/3           EV: 12    Int: 10    God:
Gold: 38            SH:  0    Dex: 13    Spells: 2/2 levels left

rFire    . . .     SeeInvis .   a - +0 hand axe
rCold    + . .     Faith    .   (no shield)
rNeg     . . .     Spirit   .   b - +0 robe
rPois    .         Reflect  .   (no helmet)
rElec    .         Harm     .   (no cloak)
rCorr    .         Rampage  .   (no gloves)
Will     .....                  (no boots)
Stlth    ++........             (no amulet)
HPRegen  0.10/turn              h - ring of protection from cold
MPRegen  0.08/turn              (no ring)

@: drained
A: no striking features
a: no special abilities


You were on level 1 of the Dungeon.
You visited 1 branch of the dungeon, and saw 2 of its levels.

You collected 38 gold pieces.

Inventory:

Hand Weapons
 a - a +0 hand axe (weapon)
Missiles
 d - 59 stones
 e - 10 poisoned darts (quivered)
Armour
 b - a +0 robe (worn)
Jewellery
 h - a ring of protection from cold (left hand)
Scrolls
 c - a scroll of teleportation {unknown}
 g - a scroll of identify {unknown}
Potions
 f - a potion of magic {unknown}


   Skills:
 + Level 4.3 Fighting
 * Level 5.4 Axes
 - Level 2.4 Dodging
 - Level 1.5 Stealth


You had 2 spell levels left.
You didn't know any spells.
Your spell library contained the following spells:

 Spells                   Type           Power      Damage    Failure   Level
 Confusing Touch          Hex            0%         N/A       75%         3
 Gell's Gravitas          Tloc           0%         N/A       75%         3
 Petrify                  Tmut/Erth      0%         N/A       98%         4
 Metabolic Englaciation   Hex/Ice        0%         N/A       100%        5
 Yara's Violent Unravell  Hex/Tmut       0%         3d3       100%        5


Dungeon Overview and Level Annotations

Branches:
Dungeon (2/15)

Altars:

Annotations:
D:2 Robin


Message History

You completely miss the goblin. You barely miss the hobgoblin.
You closely miss the hobgoblin. You hit the goblin.
You kill the goblin!
The hobgoblin hits you.
* * * LOW HITPOINT WARNING * * *
The goblin closely misses you. The hobgoblin closely misses you.
Your life force feels restored.
Press: ? - help, v - describe, . - travel, g - get item
Here: a goblin, wielding a +3 dagger of draining (strong)
Items here: a +0 dagger; a hobgoblin corpse; a goblin corpse.
The floor.
The goblin hits you with a +3 dagger of draining.
* * * LOW HITPOINT WARNING * * *
You feel drained.
* * * LOW HITPOINT WARNING * * *
Things that are here:
a +0 club; a goblin corpse The goblin barely misses you.
The hobgoblin no longer looks unusually strong.
The hobgoblin no longer looks unusually strong.
The goblin no longer looks unusually strong.
Throw: 11 darts (poison)
Press: ? - help, Q - select action, (/) - cycle Shift-Dir - straight line, f - hobgoblin
Aim: a hobgoblin (59% to hit)
You throw a poisoned dart. The poisoned dart hits the hobgoblin.
The hobgoblin is poisoned.
You slash the hobgoblin!
You kill the hobgoblin!
You hit the goblin.
The goblin is severely wounded.
The goblin misses you.
You barely miss the goblin.
The goblin is severely wounded.
The goblin closely misses you.
You closely miss the goblin.
The goblin is severely wounded.
The goblin hits you with a +3 dagger of draining.
* * * LOW HITPOINT WARNING * * *
You feel drained.
You die...

..####.# .......##
..###...##
.###.....# )#
##...## >#
##...########## )#
#......g..g.(g#
.###....########g#
..........# #@#
#.#..#.##.# ###.###
##...#.##.# #.....#
..#.>.....# #.###.#
.##..#.##.## #.# #.#
###..#.#...###.###.#
..#................#
#.##.###...####..###
#.............#..#


You could see a hobgoblin and a goblin.

Vanquished Creatures
  2 dart slugs (D:1)
  2 endoplasms (D:1)
  4 giant cockroaches (D:1)
  10 goblins (D:1)
  4 hobgoblins (D:1)
  4 kobolds (D:1)
  2 quokkas (D:1)
  2 ball pythons (D:1)
  2 bats (D:1)
  A frilled lizard (D:1)
  A rat (D:1)
34 creatures vanquished.

Notes
Turn   | Place    | Note
-------+----------+-------------------------------------------
     0 | D:1      | avis the Hill Orc Monk began the quest for the Orb.
     0 | D:1      | Reached XP level 1. HP: 19/19 MP: 1/1
   462 | D:1      | Reached XP level 2. HP: 26/27 MP: 2/2
   778 | D:1      | Reached skill level 5 in Axes
   789 | D:1      | Reached XP level 3. HP: 33/33 MP: 3/3
  1340 | D:2      | Noticed Robin
  1607 | D:1      | Slain by a goblin

Illustrated notes

Levels and vault maps discovered:
D:1:      shiori_arrival_maze, layout_loops_ring
D:2:      layout_basic, uniq_robin

Skill      XL: |  1  2 |
---------------+-------+-----
Fighting       | 4 |  4.3
Axes           | 5 |  5.4
Dodging        | |  2.4
Stealth        | |  1.5

Action                   || total
-------------------------++-------
Melee: Hand axe          ||    96
Throw: Dart              ||     5
 Stab: Sleeping          ||     2
Armor: Robe              ||    13
Dodge: Dodged            ||    60

Table legend: (Time is in decaauts)
 A = Elapsed time spent in this place.
 B = Non-inter-level travel time spent in this place.
 C = Inter-level travel time spent in this place.
 D = Time resting spent in this place.
 E = Time spent auto-exploring this place.
 F = Levels seen in this place.
 G = Mean time per level.
                   A        B        C        D        E       F      G
               +--------+--------+--------+--------+--------+-----+--------+
         Total |   1614 |   1599 |     15 |    826 |    459 |   2 |  807.0 |
       Dungeon |   1614 |   1599 |     15 |    826 |    459 |   2 |  807.0 |
               +--------+--------+--------+--------+--------+-----+--------+

Top non-repeatable levels by time:
     D:1: 1600 daAuts
     D:2: 14 daAuts
